AoeStats
← AiM | Facu1414

Arabia

505362606Analyzed
3v3 RM · 23d ago on Sep 9, 2026· 41m 44s· 6 players
Game mode
Random Map
Map size
Normal (6 player)
Population
200
Speed
Normal
Resources
Standard
Victory
Conquest
Starting age
Dark Age
Ending age
Imperial Age
RankedLock teamsTeams togetherTeam positionsShared explorationLock speedFull tech treeHidden civsTurbo modeCheats
Victory
Defeat
🇦🇷 Persians · Argentina
1546
+8
🇨🇱 Maya · Chile
1499
+10
🇨🇱 Britons · Chile
1394
+13
🇺🇸 Britons · United States
1403
-12
🇺🇸 Magyars · United States
1341
-10
🇲🇽 Ethiopians · Mexico
1309
-9
AiM | Zoldyck
6:05 Loom
8:22 Feudal Age
10:03 Double-Bit Axe
18:14 Fletching
21:30 Castle Age
19:39 Double-Bit Axe
20:52 Padded Archer Armor
21:34 Gold Mining
22:28 Bodkin Arrow
25:56 Crossbowman
32:31 Ballistics
44:29 Imperial Age
AiM | Facu1414
6:43 Loom
9:14 Feudal Age
9:48 Double-Bit Axe
16:18 Forging
16:44 Scale Barding Armor
18:18 Bloodlines
19:47 Horse Collar
23:12 Wheelbarrow
25:22 Castle Age
25:34 Light Cavalry
26:36 Chain Barding Armor
30:12 Husbandry
31:38 Iron Casting
33:47 Gold Mining
34:09 Bow Saw
34:32 Hand Cart
37:38 Gold Shaft Mining
38:48 Heavy Plow
38:37 Town Watch
43:52 Imperial Age
AiM | Shuffle
0:25 Loom
9:24 Feudal Age
12:35 Fletching
16:58 Double-Bit Axe
22:54 Castle Age
20:52 Horse Collar
21:28 Gold Mining
23:00 Crossbowman
23:36 Bodkin Arrow
23:53 Bow Saw
25:14 Ballistics
25:47 Wheelbarrow
26:07 Thumb Ring
27:24 Padded Archer Armor
27:12 Town Watch
28:25 Leather Archer Armor
31:58 Stone Mining
32:35 Hand Cart
36:46 Town Patrol
39:51 Imperial Age
38:45 Masonry
40:40 Bracer
41:42 Chemistry
40:03 Arbalester
40:44 Elite Skirmisher
41:59 Ring Archer Armor
43:04 Two-Man Saw
MF | Teddy_Bear
5:05 Loom
10:10 Feudal Age
11:50 Double-Bit Axe
13:10 Fletching
15:09 Padded Archer Armor
25:25 Castle Age
25:31 Crossbowman
26:01 Town Watch
26:45 Bodkin Arrow
39:07 Ballistics
MF | Robert_
7:44 Loom
10:08 Feudal Age
10:19 Man-at-Arms
13:31 Fletching
16:01 Padded Archer Armor
19:05 Double-Bit Axe
19:58 Gold Mining
21:56 Wheelbarrow
26:59 Castle Age
27:04 Elite Skirmisher
28:16 Bodkin Arrow
31:16 Crossbowman
35:37 Ballistics
[GDL] GOoMiToO
6:45 Loom
9:41 Feudal Age
10:59 Double-Bit Axe
16:17 Scale Barding Armor
20:11 Wheelbarrow
20:37 Bloodlines
24:03 Castle Age
22:50 Horse Collar
25:06 Chain Barding Armor
26:27 Husbandry
34:12 Gold Mining
Connection lost

Rejoining the realm…

Still unreachable

The connection could not be restored.

Session expired

The server has moved on; the page needs a fresh start.